 Dungeon Crawl Stone Soup version 0.29-a0-789-g7a8fcbc185 (webtiles) character file.

Game seed: 8602132331450993259

7 gobodom the Stinger (level 1, 0/13 HPs)
             Began as a Demonspawn Venom Mage on July 2, 2022.
             Slain by a jackal (2 damage)
             ... on level 1 of the Dungeon.
             The game lasted 00:01:26 (388 turns).

gobodom the Stinger (Demonspawn Venom Mage)          Turns: 388, Time: 00:01:27

Health: 0/13       AC:  2    Str:  8    XL:     1   Next: 83%
Magic:  0/3        EV: 12    Int: 16    God:
Gold:   36         SH:  0    Dex: 13    Spells: 3/4 levels left

rFire   . . .      SeeInvis .   e - +0 short sword
rCold   . . .      Faith    .   (no shield)
rNeg    . . .      Spirit   .   a - +0 robe
rPois   .          Reflect  .   (no helmet)
rElec   .          Harm     .   (no cloak)
rCorr   .          Rampage  .   (no gloves)
Will    .....                   (no boots)
Stlth   ++........              (no amulet)
HPRegen 0.04/turn               (no ring)
MPRegen 0.08/turn               (no ring)

@: no status effects
A: no striking features
a: no special abilities


You were on level 1 of the Dungeon.
You visited 1 branch of the dungeon, and saw 1 of its levels.

You collected 36 gold pieces.

Inventory:

Hand Weapons
 e - a +0 short sword (weapon)
Armour
 a - a +0 robe (worn)
Scrolls
 c - a scroll of identify {unknown}
 f - a scroll of amnesia {unknown}
 g - a scroll of enchant weapon {unknown}
Potions
 b - a potion of magic
 d - a potion of heal wounds {unknown}


   Skills:
 + Level 1.9 Dodging
 + Level 1.7 Stealth
 + Level 2.0 Spellcasting
 + Level 0.9 Transmutations
 + Level 3.3 Poison Magic


You had 3 spell levels left.
You knew the following spells:

 Your Spells              Type           Power      Damage    Failure   Level
a - Sting                 Tmut/Pois      32%        1d4       9%          1

Your spell library contained the following spells:

 Spells                   Type           Power      Damage    Failure   Level
 Poisonous Vapours        Pois/Air       12%        N/A       16%         2
 Mephitic Cloud           Conj/Pois/Air  5%         N/A       36%         3
 Olgreb's Toxic Radiance  Pois           12%        N/A       45%         4


Dungeon Overview and Level Annotations

Branches:
Dungeon (1/15)

Altars:


Message History

Aiming: Sting (safe; 9% risk of failure)
Press: ? - help, Shift-Dir - straight line, f - bat
Aim: a bat (severely wounded, 52% to hit)
The sting hits the bat.
The bat is poisoned.
You kill the bat!
Magic restored.
HP restored.
A jackal comes into view.
A jackal is nearby!
f - a scroll labelled MAMYVU UBULEYR
g - a scroll labelled WAJEGI QOLI You now have 28 gold pieces.
You now have 36 gold pieces (gained 8).
The jackal barks!
You hear a bark!
A jackal comes into view.
You can't see any susceptible monsters within range! (Use Z to cast anyway.)
A jackal and a bat come into view.
The jackal barks! x2
The sting hits the jackal.
The jackal is poisoned.
The jackal is almost dead.
You miss the bat. The bat hits you. The jackal bites you. The bat hits you.
The sting hits the jackal.
The jackal looks even sicker.
The jackal is almost dead.
The bat misses you. The jackal barely misses you.
You closely miss the jackal.
The jackal is almost dead.
You kill the jackal!
The jackal closely misses you. x2; The bat hits you.
The jackal closely misses you.
The sting misses the jackal.
The bat hits you but does no damage. The jackal bites you.
The jackal misses you.
You hit the jackal.
The jackal is severely wounded.
The bat closely misses you. The jackal completely misses you.
The jackal bites you.
* * * LOW HITPOINT WARNING * * *
The jackal misses you. The jackal bites you.
* * * LOW HITPOINT WARNING * * *
The jackal bites you.
You die...

.#....... #.....
......... #....##
#.......###### #.....
+............ #...# #
#..........#
#...###.#.......$..#
...............h...###.#
..............h.@.......
..#########÷÷......###..
#.#.......#.....b..#
#.'.>.>.>.'........#
###.......#.÷......#
###########........#
..#.......#........#
#.'...<...+........#
###.......#........#


You could see 2 jackals and a bat.

Vanquished Creatures
  2 bats (D:1)
  2 jackals (D:1)
  A kobold (D:1)
  A rat (D:1)
6 creatures vanquished.

Notes
Turn   | Place    | Note
-------+----------+-------------------------------------------
     0 | D:1      | gobodom the Demonspawn Venom Mage began the quest for the
                  | Orb.
     0 | D:1      | Reached XP level 1. HP: 13/13 MP: 3/3
   388 | D:1      | Slain by a jackal

Illustrated notes

Levels and vault maps discovered:
D:1:      minmay_arrival_up_and_down, layout_basic, serial_shops, shop,
          kennysheep_small_spiral

Action                   || total
-------------------------++-------
Melee: Unarmed           ||    14
       Short sword       ||     7
 Cast: Sting             ||    10
Armor: Robe              ||     6
Dodge: Dodged            ||    29

Table legend: (Time is in decaauts)
 A = Elapsed time spent in this place.
 B = Non-inter-level travel time spent in this place.
 C = Inter-level travel time spent in this place.
 D = Time resting spent in this place.
 E = Time spent auto-exploring this place.
 F = Levels seen in this place.
 G = Mean time per level.
                   A        B        C        D        E       F      G
               +--------+--------+--------+--------+--------+-----+--------+
         Total |    388 |    388 |      0 |      0 |    284 |   1 |  388.0 |
       Dungeon |    388 |    388 |      0 |      0 |    284 |   1 |  388.0 |
               +--------+--------+--------+--------+--------+-----+--------+

Top non-repeatable levels by time:
     D:1: 388 daAuts
